 Dungeon Sprint DCSS version 0.24.1-14-gf8d2b509d9 (webtiles) character file.

Game seed: 17828572751861210319, levelgen mode: deterministic

25356 Chiseanne the Fruitful (level 12, 0/74 HPs)
             Began as a Demonspawn Assassin on June 3, 2020.
             Was a Priest of Fedhas.
             Killed from afar by Lom Lobon (6 damage)
             ... with a tornado
             ... in the Dungeon (Sprint I: "Red Sonja").
             The game lasted 00:40:11 (5135 turns).

Chiseanne the Fruitful (Demonspawn Assassin)        Turns: 5135, Time: 00:40:11

Health: 0/74       AC: 36    Str: 15 (17) XL:     12   Next: 88%
Magic:  3/19       EV: 13    Int:  4 (7)  God:    Fedhas [***...]
Gold:   1716       SH: 26    Dex: 22 (25) Spells: 11/11 levels left

rFire    + . .     SeeInvis +   s - +2 rapier (freeze)
rCold    + . .     Gourm    .   H - +0 large shield
rNeg     . . .     Faith    .   N - +6 plate armour of Zocloen {+Fly Int+4}
rPois    +         Spirit   .   E - +0 helmet
rElec    .         Reflect  +   c - +1 cloak
rCorr    .         Harm     .   C - +3 pair of gloves of Asoagh {+Blink Int-5 Dex+9 Stlth-}
MR       .....     Rnd*Rage +   D - +2 pair of boots {Stlth+} Stlth ++........NoTele +
                                n - brooch of Shielding {Reflect SH+8}
HPRegen  0.22/turn              f - ring of see invisible
MPRegen  0.16/turn              q - ring of poison resistance

@: agile, sanguine armour, berserk cooldown, flying (expiring), slightly
contaminated, slowed, very slow
A: talons 2, berserk 3, blurry vision 2, clumsy 2, cold resistance 1, deformed
body, deterioration 2, dopey 2, fire resistance 1, frail 3, foul stench 1, low
mp 3, screaming 2, no potion heal 1, rot immunity, subdued magic 3, sanguine
armour 2
a: Wall of Briars, Grow Ballistomycete, Renounce Religion, Evoke Blink


You were in the Dungeon.
You worshipped Fedhas.
Fedhas was most pleased with you.
You were not hungry.

You visited 1 branch You collected 6435 gold pieces.
You spent 4719 gold pieces at shops.

Inventory:

Hand Weapons
 a - the +5 hand crossbow of the Stork {venom, *Contam Str+5 Dex+2 SInv}
   (You found it in the Dungeon)

   It poisons the ammo it fires.
   It affects your strength (+5).
   It affects your dexterity (+2).
   It lets you see invisible.
   It causes magical contamination when unequipped.
 s - a +2 rapier of freezing (weapon)
Missiles
 d - 4 poisoned darts
 g - 4 curare-tipped darts (quivered)
 k - 5 silver boomerangs
 p - 24 sling bullets
Armour
 c - a +1 cloak (worn)
 C - the +3 pair of gloves of Asoagh (worn) {+Blink Int-5 Dex+9 Stlth-}
   (You bought it in a shop in the Dungeon)

   It affects your intelligence (-5).
   It affects your dexterity (+9).
   It lets you blink.
   It makes you less stealthy.
 D - a +2 pair of boots of stealth (worn)
 E - a +0 helmet (worn)
 H - a +0 large shield (worn)
 N - the +6 plate armour of Zocloen (worn) {+Fly Int+4}
   (You bought it in a shop in the Dungeon)

   It affects your intelligence (+4).
   It lets you fly.
Jewellery
 f - a ring of see invisible (left hand)
 n - the brooch of Shielding (around neck) {Reflect SH+8}
   (You bought it in a shop in the Dungeon)

   [amulet of reflection]

   It shields you and reflects attacks.
   It affects your SH (+8).
 q - a ring of poison resistance (right hand)
 G - an uncursed ring of flight {unknown}
 L - an uncursed ring of positive energy {unknown}
 M - a +3 amulet of reflection {unknown}
Wands
 e - a wand of polymorph (4)
 o - a wand of iceblast (4)
 B - a wand of digging (4)
Scrolls
 i - 4 scrolls of remove curse
 l - 2 scrolls of blinking
 r - 2 scrolls of fog
 t - 2 scrolls of amnesia
 y - a scroll of fear
Potions
 b - a potion of ambrosia
 j - 3 potions of magic
 m - 5 potions of curing
 w - 2 potions of lignification
 z - 2 potions of invisibility
 A - 2 potions of might
Miscellaneous
 F - a fan of gales
 I - a lightning rod (4/4)


   Skills:
 - Level 13.9 Fighting
 - Level 1.7 Short Blades
 - Level 1.7 Throwing
 * Level 10.1 Armour
 * Level 10.3 Dodging
 - Level 14.2 Stealth
 * Level 12.2 Shields
 * Level 22.7 Invocations


You had 11 spell levels left.
You didn't know any spells.
Your spell library contained the following spells:

 Spells                   Type           Power        Failure   Level  Hunger
 Confusing Touch          Hex            #.....       100%        1    ##.....
 Confuse                  Hex            #.......     100%        3    ####...
 Gell's Gravitas          Tloc           #.........   100%        3    ####...
 Petrify                  Tmut/Erth      #.......     100%        4    #####..
 Metabolic Englaciation   Hex/Ice        #.........   100%        5    ######.
 Yara's Violent Unravell  Hex/Tmut       #.........   100%        5    ######.


Dungeon Overview and Level Annotations

Branches:
Dungeon (1/1)

Altars:
Cheibriados
Dithmenos
Elyvilon
Fedhas
Gozag
Hepliaklqana
Kikubaaqudgha
Makhleb
Nemelex Xobeh
Okawaru
Qazlal
Ru
Sif Muna
Trog
Uskayaw
Vehumet
Wu Jian
Xom
Yredelemnul
Zin
The Shining One
Jiyva
Lugonu

Shops:
D (((*=!}(?****[}}::[=*

Annotations:
D Lom Lobon, Tiamat


Innate Abilities, Weirdness & Mutations

You have razor-sharp toenails.
Your flesh is cold resistant. (rC+)
You may emit foul miasma when damaged in melee.
You are immune to rotting.
When seriously injured, your bleeding wounds create thick armour. (AC +9)
You have an uncontrollable temper.
Scrolls take you longer to read.
You are very clumsy. (Dex -4)
Armour fits poorly on your strangely shaped body.
Your body often deteriorates upon taking damage.
You are very dopey. (Int -4)
Your flesh is heat resistant. (rF+)
You are extremely frail. (-30% HP)
Your magical capacity is extremely low. (-30% MP)
You sometimes yell uncontrollably at your foes.
Potions are less effective at restoring your health.
Your spells are much easier to cast, but much less powerful.


Message History

You fly up into the air.
* * * LOW HITPOINT WARNING * * *
Lom Lobon gestures.
Lom Lobon is healed.
Your ballistomycete spore explodes!
Fedhas protects your plant from harm.
The explosion of spores engulfs Lom Lobon!!
Lom Lobon is moderately wounded.
Your ballistomycete spore explodes!
The explosion of spores engulfs Lom Lobon!!!
Lom Lobon is moderately wounded.
A ballistomycete spore comes into view.
Your ballistomycete spore explodes!
The explosion of spores engulfs Lom Lobon!
Lom Lobon is heavily wounded.
Fedhas protects your plant from harm.
* * * LOW HITPOINT WARNING * * *
Your body deteriorates!
You feel weakened.
You die...
Fedhas appreciates your contribution to the ecosystem.

#####
######§..########################
#..#§§§§'§§.§..'.§#^^'..§§#..)...
.#'#§§..#.§..§##.§'^§#§..§##.|[..
..§#§#)###§.§#######'#§§§..#####.
...§§#§#.###§#§§@##..#..§§.#.§.#.
.)####§..&§§§##§§*#..##§.§.#)∩[#.
.°°..#§...§§§&§P#§#.§≈#§§.##..[#.
☼°°○.+......#§§§#§#..§§.§§P###'#.
##○°.#^....#§§§P#§#..§§#..P§^..##
.#...###++##§##§§§#.§§##...§..=.#
.#.^###.○###§.#§#§...≈#..§.§§...§
.#○^####..###.§.#§≈).##.§§^.||...
.##+#○.#..#.###...≈..#..§.§......


You could see Lom Lobon, 2 friendly ballistomycetes and a friendly
ballistomycete spore.

Vanquished Creatures
  the Lernaean hydra (D)
  A golden dragon (D)
  A deep elf annihilator (D)
  2 centaur warriors (D)
  Sonja (D)
  A deep troll (D)
  2 unseen horrors (D)
  A lindwurm (D)
  8 shining eyes (D)
  2 kobold demonologists (D)
  3 demonic crawlers (D)
  A hornet (D)
  A slime creature (D)
  2 redbacks (D)
  Sigmund (D)
  A yak (D)
  A hog (D)
  6 floating eyes (D)
  An ogre (D)
  5 necrophages (D)
  2 jellies (D)
  Ijyb (D)
  An adder (D)
  A ball lightning (D)
47 creatures vanquished.

Vanquished Creatures (collateral kills)
  A shadow dragon (D)
  A daeva (D)
  4 fire giants (D)
  A lorocyproca (D)
  A mummy priest (D)
  A hydra (D)
  5 unseen horrors (D)
  2 merfolk sirens (D)
  A gargoyle (D)
  A demonic crawler (D)
  A hellwing (D)
  A meliai (D)
  3 hornets (D)
  12 hogs (D)
  A floating eye (D)
  2 necrophages (D)
  5 jellies (D)
  7 ballistomycete spores (D)
50 creatures vanquished.

Vanquished Creatures (others)
  A deep elf master archer (D)
  An oklob plant (D)
  A gargoyle (D)
  A hornet (D)
  14 ball lightnings (D)
  4 ballistomycete spores (D)
22 creatures vanquished.

Grand Total: 119 creatures vanquished

Notes
Turn   | Place    | Note
-------+----------+-------------------------------------------
     0 | D        | Chiseanne the Demonspawn Assassin began the quest for the
                  | Orb.
     0 | D        | Reached XP level 1. HP: 16/16 MP: 1/1
     1 | D        | Noticed Ijyb
    10 | D        | Killed Ijyb
    10 | D        | Reached skill level 5 in Stealth
    10 | D        | Gained mutation: You are immune to rotting. [demonic
                  | ancestry]
    10 | D        | Reached XP level 2. HP: 21/25 MP: 2/2
    58 | D        | Killed a gargoyle
    75 | D        | Noticed an ogre
    87 | D        | Killed an ogre
    87 | D        | Reached skill level 5 in Fighting
    87 | D        | Gained mutation: You may emit foul miasma when damaged in
                  | melee. [demonic ancestry]
    87 | D        | Reached XP level 3. HP: 24/34 MP: 3/3
    87 | D        | Gained mutation: When seriously injured, your bleeding
                  | wounds create armour. (AC +9) [demonic ancestry]
    87 | D        | Reached XP level 4. HP: 29/40 MP: 4/4
   179 | D        | Noticed Sigmund
   186 | D        | Killed Sigmund
   186 | D        | Gained mutation: Your flesh is cold resistant. (rC+)
                  | [demonic ancestry]
   186 | D        | Reached XP level 5. HP: 41/48 MP: 5/5
   235 | D        | Found a shimmering blue altar of Sif Muna.
   236 | D        | Found an ornate altar of the Wu Jian Council.
   237 | D        | Found a radiant altar of Vehumet.
   416 | D        | Found Muosk's Antique Weapon Emporium.
   416 | D        | Found an ancient bone altar of Kikubaaqudgha.
   416 | D        | Found a hazy altar of Hepliaklqana.
   416 | D        | Found a hide-covered altar of Uskayaw.
   416 | D        | Found a basalt altar of Yredelemnul.
   416 | D        | Found an opulent altar of Gozag.
   416 | D        | Found a snail-covered altar of Cheibriados.
   416 | D        | Found a sacrificial altar of Ru.
   416 | D        | Found a shadowy altar of Dithmenos.
   416 | D        | Noticed a yak
   427 | D        | Killed a yak
   427 | D        | Reached skill level 5 in Dodging
   427 | D        | Reached XP level 6. HP: 52/57 MP: 6/6
   428 | D        | Found a stormy altar of Qazlal.
   428 | D        | Found a blossoming altar of Fedhas.
   428 | D        | Found a bloodstained altar of Trog.
   428 | D        | Found an iron altar of Okawaru.
   428 | D        | Found a glowing golden altar of the Shining One.
   428 | D        | Found a glowing silver altar of Zin.
   428 | D        | Found a white marble altar of Elyvilon.
   430 | D        | Found a sparkling altar of Nemelex Xobeh.
   433 | D        | Became a worshipper of Fedhas Madash
   441 | D        | Noticed Sonja
   455 | D        | Killed Sonja
   455 | D        | Reached skill level 10 in Fighting
   455 | D        | Reached skill level 10 in Stealth
   455 | D        | Gained mutation: You have sharp toenails. [demonic
                  | ancestry]
   455 | D        | Reached XP level 7. HP: 27/67 MP: 7/7
   721 | D        | Found Vuostraxe's Antique Weapon Boutique.
   774 | D        | Noticed a deep troll
   795 | D        | Killed a deep troll
   795 | D        | Gained mutation: When seriously injured, your bleeding
                  | wounds create thick armour. (AC +9) [demonic ancestry]
   795 | D        | Reached XP level 8. HP: 31/74 MP: 8/8
   880 | D        | Found Ikhlaih's Armour Emporium.
  1035 | D        | Bought a runed rapier for 133 gold pieces
  1044 | D        | Noticed a shining eye
  1044 | D        | Noticed a shining eye
  1044 | D        | Noticed a shining eye
  1053 | D        | Paralysed by a floating eye for 3 turns
  1061 | D        | Reached * piety under Fedhas
  1065 | D        | Noticed a shining eye
  1065 | D        | Noticed a shining eye
  1066 | D        | Noticed a shining eye
  1066 | D        | Gained mutation: You are weak. (Str -2) [a shining eye]
  1071 | D        | Gained mutation: Scrolls take you a little longer to read.
                  | [a shining eye]
  1073 | D        | Gained mutation: You are very weak. (Str -4) [a shining
                  | eye]
  1074 | D        | Noticed a shining eye
  1092 | D        | Gained mutation: Armour fits poorly on your strangely
                  | shaped body. [a shining eye]
  1098 | D        | Killed a shining eye
  1098 | D        | Reached ** piety under Fedhas
  1098 | D        | Gained mutation: You have razor-sharp toenails. [demonic
                  | ancestry]
  1098 | D        | Reached XP level 9. HP: 82/82 MP: 9/9
  1102 | D        | Gained mutation: You occasionally shout uncontrollably at
                  | your foes. [a shining eye]
  1102 | D        | Paralysed by a floating eye for 2 turns
  1110 | D        | Gained mutation: You are clumsy. (Dex -2) [a shining eye]
  1112 | D        | Gained mutation: Scrolls take you longer to read. [a
                  | shining eye]
  1114 | D        | Gained mutation: Your flesh is heat resistant. (rF+) [a
                  | shining eye]
  1116 | D        | Paralysed by a floating eye for 2 turns
  1117 | D        | Gained mutation: Your spells are a little easier to cast,
                  | but a little less powerful. [a shining eye]
  1118 | D        | Gained mutation: You sometimes yell uncontrollably at your
                  | foes. [a shining eye]
  1124 | D        | Gained mutation: You are very clumsy. (Dex -4) [a shining
                  | eye]
  1126 | D        | Gained mutation: Scrolls take you much longer to read. [a
                  | shining eye]
  1127 | D        | Paralysed by a floating eye for 3 turns
  1134 | D        | Killed a shining eye
  1135 | D        | Paralysed by a floating eye for 4 turns
  1138 | D        | Gained mutation: You tend to lose your temper in combat. [a
                  | shining eye]
  1142 | D        | Gained mutation: You are frail. (-10% HP) [a shining eye]
  1147 | D        | Gained mutation: Your magical capacity is low. (-10% MP) [a
                  | shining eye]
  1147 | D        | Paralysed by a floating eye for 2 turns
  1149 | D        | Gained mutation: Your body sometimes deteriorates upon
                  | taking damage. [a shining eye]
  1150 | D        | Killed a shining eye
  1157 | D        | Killed a shining eye
  1157 | D        | Reached *** piety under Fedhas
  1161 | D        | Killed a shining eye
  1161 | D        | Gained mutation: You are dopey. (Int -2) [a shining eye]
  1163 | D        | Gained mutation: Your body often deteriorates upon taking
                  | damage. [a shining eye]
  1164 | D        | Gained mutation: You frequently scream uncontrollably at
                  | your foes. [a shining eye]
  1166 | D        | Killed a shining eye
  1166 | D        | Reached XP level 10. HP: 82/82 MP: 9/9
  1167 | D        | Noticed a shining eye
  1170 | D        | Gained mutation: You are very dopey. (Int -4) [a shining
                  | eye]
  1171 | D        | Lost mutation: You are very weak. (Str -4) [a shining eye]
  1173 | D        | Gained mutation: You are very frail. (-20% HP) [a shining
                  | eye]
  1174 | D        | Gained mutation: Your magical capacity is very low. (-20%
                  | MP) [a shining eye]
  1179 | D        | Gained mutation: You often lose your temper in combat. [a
                  | shining eye]
  1184 | D        | Killed a shining eye
  1185 | D        | Gained mutation: Your magical capacity is extremely low.
                  | (-30% MP) [a shining eye]
  1186 | D        | Gained mutation: Your spells are easier to cast, but less
                  | powerful. [a shining eye]
  1187 | D        | Gained mutation: You are extremely frail. (-30% HP) [a
                  | shining eye]
  1192 | D        | Gained mutation: You have an uncontrollable temper. [a
                  | shining eye]
  1194 | D        | Gained mutation: Your spells are much easier to cast, but
                  | much less powerful. [a shining eye]
  1196 | D        | Gained mutation: Potions are less effective at restoring
                  | your health. [a shining eye]
  1197 | D        | Killed a shining eye
  1197 | D        | Reached **** piety under Fedhas
  1215 | D        | Found Fiwn's Assorted Antiques.
  1215 | D        | Found Umealon's Antique Weapon Shoppe.
  1215 | D        | Found Axoimn's Jewellery Boutique.
  1215 | D        | Found Hiybauh's Magic Scroll Emporium.
  1232 | D        | Bought a scroll of vulnerability for 82 gold pieces
  1232 | D        | Bought a scroll of remove curse for 33 gold pieces
  1232 | D        | Bought a scroll of identify for 22 gold pieces
  1232 | D        | Bought a scroll of fog for 22 gold pieces
  1232 | D        | Bought a scroll of magic mapping for 38 gold pieces
  1232 | D        | Bought a scroll of identify for 22 gold pieces
  1232 | D        | Bought a scroll of identify for 22 gold pieces
  1232 | D        | Bought a scroll of amnesia for 38 gold pieces
  1232 | D        | Bought a scroll of remove curse for 33 gold pieces
  1232 | D        | Bought a scroll of remove curse for 33 gold pieces
  1232 | D        | Bought a scroll of fog for 22 gold pieces
  1248 | D        | Bought an uncursed ring of see invisible for 195 gold
                  | pieces
  1282 | D        | Noticed a centaur warrior
  1283 | D        | Noticed a centaur warrior
  1291 | D        | Killed a centaur warrior
  1291 | D        | Reached skill level 7 in Invocations
  1297 | D        | Killed a centaur warrior
  1297 | D        | Reached skill level 9 in Invocations
  1325 | D        | Reached skill level 10 in Invocations
  1591 | D        | Bought a garnet ring for 115 gold pieces
  1591 | D        | Bought a scroll labeled MESITH DADYG for 23 gold pieces
  1591 | D        | Bought a scroll labeled ANLOESS OTERICW for 23 gold pieces
  1630 | D        | Noticed an oklob plant
  1637 | D        | Reached skill level 11 in Invocations
  1961 | D        | Paralysed by a floating eye for 2 turns
  1965 | D        | Reached ***** piety under Fedhas
  1983 | D        | Reached skill level 12 in Invocations
  1988 | D        | Noticed an unseen horror
  1989 | D        | Noticed an unseen horror
  2032 | D        | Killed an unseen horror
  2050 | D        | Killed an unseen horror
  2050 | D        | Reached skill level 13 in Invocations
  2074 | D        | Reached skill level 14 in Invocations
  2307 | D        | Reached XP level 11. HP: 69/69 MP: 8/15
  2508 | D        | Found Zochoqol's Gadget Shoppe.
  2508 | D        | Found Woeprim's Distillery.
  2508 | D        | Found Keser's Antique Weapon Boutique.
  2510 | D        | Found Peptoamo's Magic Scroll Emporium.
  2510 | D        | Found Oczuntu's General Store.
  2510 | D        | Found Giroef's General Store.
  2510 | D        | Found Meoteg's Assorted Antiques.
  2510 | D        | Found Jecvutuf's General Store.
  2510 | D        | Found Vala's Antique Armour Shop.
  2510 | D        | Found Usuet's Gadget Shoppe.
  2512 | D        | Bought a potion of agility for 48 gold pieces
  2512 | D        | Bought a potion of lignification for 36 gold pieces
  2512 | D        | Bought a potion of degeneration for 12 gold pieces
  2512 | D        | Bought a potion of invisibility for 96 gold pieces
  2512 | D        | Bought a potion of might for 48 gold pieces
  2513 | D        | Bought a potion of curing for 36 gold pieces
  2513 | D        | Bought a potion of curing for 36 gold pieces
  2513 | D        | Bought a potion of heal wounds for 60 gold pieces
  2513 | D        | Bought a potion of magic for 96 gold pieces
  2513 | D        | Bought a potion of agility for 48 gold pieces
  2515 | D        | Found Fawap's Gadget Boutique.
  2516 | D        | Found Heanik's Book Emporium.
  2516 | D        | Found Vowopiak's Book Boutique.
  2569 | D        | Bought a scroll labeled DEFANG QOUREOR for 23 gold pieces
  2623 | D        | Bought a scroll of identify for 28 gold pieces
  2624 | D        | Found Upnil Nump's Jewellery Emporium.
  2666 | D        | Found a burning altar of Makhleb.
  2666 | D        | Found a viscous altar of Jiyva.
  2666 | D        | Found a shimmering altar of Xom.
  2666 | D        | Found a corrupted altar of Lugonu.
  2676 | D        | Reached skill level 15 in Invocations
  2884 | D        | Bought a ration for 50 gold pieces
  2884 | D        | Bought a ration for 50 gold pieces
  2944 | D        | Reached skill level 16 in Invocations
  2979 | D        | Reached skill level 17 in Invocations
  2998 | D        | Reached ****** piety under Fedhas
  3021 | D        | Noticed a lindwurm
  3024 | D        | Killed a lindwurm
  3069 | D        | Bought a brass ring for 115 gold pieces
  3127 | D        | Bought a scroll of fear for 38 gold pieces
  3130 | D        | Lost mutation: You frequently scream uncontrollably at your
                  | foes. [potion of mutation]
  3130 | D        | Lost mutation: Scrolls take you much longer to read.
                  | [potion of mutation]
  3130 | D        | Lost mutation: You are weak. (Str -2) [potion of mutation]
  3261 | D        | Bought the +3 pair of gloves of Asoagh {+Blink Int-5 Dex+9
                  | Stlth-} for 486 gold pieces
  3349 | D        | Bought a pair of glowing boots for 150 gold pieces
  3358 | D        | Bought a +0 helmet for 45 gold pieces
  3370 | D        | Bought a scroll of blinking for 105 gold pieces
  3375 | D        | Bought a buckler for 90 gold pieces
  3385 | D        | Bought a scroll of identify for 28 gold pieces
  3446 | D        | Reached skill level 1 in Shields
  3448 | D        | Reached skill level 18 in Invocations
  3513 | D        | Noticed a lorocyproca
  3524 | D        | Killed a lorocyproca
  3527 | D        | Noticed a daeva
  3528 | D        | Noticed an unseen horror
  3528 | D        | Noticed an unseen horror
  3607 | D        | Killed a daeva
  3607 | D        | Reached skill level 5 in Shields
  3607 | D        | Reached skill level 19 in Invocations
  3617 | D        | Noticed an unseen horror
  3617 | D        | Noticed an unseen horror
  3617 | D        | Noticed an unseen horror
  3630 | D        | Killed an unseen horror
  3631 | D        | Killed an unseen horror
  3631 | D        | Killed an unseen horror
  3632 | D        | Killed an unseen horror
  3635 | D        | Killed an unseen horror
  3707 | D        | Noticed a fire giant
  3719 | D        | Killed a fire giant
  3719 | D        | Reached skill level 20 in Invocations
  3727 | D        | Noticed a fire giant
  3735 | D        | Killed a fire giant
  3735 | D        | Reached XP level 12. HP: 74/74 MP: 8/18
  3748 | D        | Noticed a fire giant
  3748 | D        | Noticed a fire giant
  3757 | D        | Killed a fire giant
  3761 | D        | Killed a fire giant
  3791 | D        | Identified the +4 dragonskin cloak
  3791 | D        | Noticed Tiamat
  3817 | D        | Noticed a deep elf annihilator
  3817 | D        | Noticed a mummy priest
  3822 | D        | Killed a mummy priest
  3843 | D        | Reached skill level 21 in Invocations
  3872 | D        | Killed a deep elf annihilator
  3872 | D        | Reached skill level 10 in Shields
  4170 | D        | Noticed a 12-headed hydra
  4178 | D        | Killed a 12-headed hydra
  4260 | D        | Noticed a golden dragon
  4261 | D        | Noticed a shadow dragon
  4290 | D        | Killed a shadow dragon
  4302 | D        | Killed a golden dragon
  4302 | D        | Reached skill level 22 in Invocations
  4377 | D        | Found Fetaic's Assorted Antiques.
  4393 | D        | Bought an inky potion for 14 gold pieces
  4393 | D        | Bought a scroll of blinking for 120 gold pieces
  4393 | D        | Bought a scorched plate armour for 448 gold pieces
  4398 | D        | Identified the +6 plate armour of Zocloen {+Fly Int+4} (You
                  | bought it in a shop in the Dungeon)
  4559 | D        | Bought the brooch of Shielding {Reflect SH+8} for 1381 gold
                  | pieces
  4559 | D        | Found the brooch of Shielding {Reflect SH+8}
  4573 | D        | Bought a wand of digging (4) for 176 gold pieces
  4642 | D        | Noticed the 27-headed Lernaean hydra
  4649 | D        | Killed the 27-headed Lernaean hydra
  4649 | D        | Reached skill level 10 in Dodging
  4725 | D        | Noticed a deep elf master archer
  4727 | D        | Killed a deep elf master archer
  4727 | D        | Reached skill level 10 in Armour
  4771 | D        | Got a crystal hand crossbow
  4907 | D        | Identified the +5 hand crossbow of the Stork {venom,
                  | *Contam Str+5 Dex+2 SInv} (You found it in the Dungeon)
  4973 | D        | Noticed Lom Lobon
  4981 | D        | HP: 3/74 [ball lightning[Lom Lobon] (5)]
  5135 | D        | Killed from afar by Lom Lobon

Levels and vault maps discovered:
D:        dungeon_sprint_1 [red_sonja_temple_1, red_sonja_temple_small_1]

Skill      XL: |  1  2  3  4  5  6  7  8  9 10 11 12 |
---------------+-------------------------------------+-----
Fighting       | 4 5 7 8 10 11 13 | 13.9
Dodging        | 2 3 4 5 6 7 9 10 | 10.3
Stealth        | 5 6 8 9 10 11 12 13 14 | 14.2
Armour         | 2 3 4 6 7 8 9 10 | 10.1
Invocations    | 14 20 22 | 22.7
Shields        | 8 12 | 12.2
Short Blades   | |  1.7
Throwing       | |  1.7

Action                   |  1- 3 |  4- 6 |  7- 9 | 10-12 || total
-------------------------+-------+-------+-------+-------++-------
Melee: Unarmed           |     1 |       |       |       ||     1
       Dagger            |       |    28 |    72 |    27 ||   127
       Kick              |       |       |    30 |    37 ||    67
       Rapier            |       |       |       |   117 ||   117
Throw: Dart              |    10 |    13 |    15 |    12 ||    50
Invok: Grow Oklob        |       |       |       |    11 ||    11
       Overgrow          |       |       |       |    15 ||    15
       Grow Ballistomyce |       |       |       |     4 ||     4
Evoke: Wand              |       |     1 |     4 |    10 ||    15
       Box of beasts     |       |       |       |     5 ||     5
       Phantom mirror    |       |       |       |     1 ||     1
  Use: Potion            |       |     2 |       |     9 ||    11
       Scroll            |       |       |     1 |    13 ||    14
 Stab: Sleeping          |       |     1 |       |     4 ||     5
       Distracted        |       |       |       |     2 ||     2
  Eat: Ration            |       |       |       |     6 ||     6
       Chunk             |       |       |       |     2 ||     2
Armor: Robe              |     1 |       |       |       ||     1
       Leather armour    |       |     3 |       |    36 ||    39
       Plate armour      |       |       |       |     7 ||     7
Dodge: Dodged            |       |    26 |     3 |   105 ||   134
Block: Buckler           |       |       |       |     6 ||     6
       Large shield      |       |       |       |     8 ||     8
       Reflection        |       |       |       |     3 ||     3
